 Dungeon Crawl Stone Soup version 0.28-a0-1435-g82390b3a13 (webtiles) character file.

Game seed: 3296520354000135206

9 enile the Chucker (level 2, 0/22 HPs)
             Began as a Djinni Wanderer on Jan 9, 2022.
             Slain by a jackal (2 damage)
             ... on level 1 of the Dungeon.
             The game lasted 00:00:48 (213 turns).

enile the Chucker (Djinni Wanderer)                  Turns: 213, Time: 00:00:48

Health: 0/22       AC:  2    Str: 12    XL:     2   Next: 25%
Gold:   0          EV: 11    Int: 13    God:
                   SH:  0    Dex: 11

rFire   + + .      SeeInvis .   a - +2 dagger
rCold   x . .      Faith    .   (no shield)
rNeg    . . .      Spirit   .   d - +0 robe
rPois   ∞          Reflect  .   (no helmet)
rElec   .          Harm     .   (no cloak)
rCorr   .          Rampage  .   (no gloves)
Will    .....                   (boots unavailable)
Stlth   +.........              (no amulet)
HPRegen 0.07/turn               (no ring)
MPRegen 0.00/turn               (no ring)

@: flying
A: sickness immunity, fire resistance 2, cold vulnerability 1, float, innate
caster, hp casting, extra vitality 1
a: no special abilities


You were on level 1 of the Dungeon.
You visited 1 branch of the dungeon, and saw 1 of its levels.

Inventory:

Hand Weapons
 a - a +2 dagger (weapon)
Armour
 d - a +0 robe (worn)
Scrolls
 f - a scroll of magic mapping {unknown}
Potions
 c - a potion of attraction


   Skills:
 + Level 0.9 Fighting
 - Level 4.1 Throwing
 - Level 1.2 Armour
 - Level 2.4 Spellcasting
 - Level 1.2 Evocations


You had one spell level left.
You knew the following spells:

 Your Spells              Type           Power      Damage    Failure   Level
a - Summon Guardian Gole  Hex/Summ       8%         N/A       26%         3
b - Summon Small Mammal   Summ           32%        N/A       9%          1

Your spell library contained the following spells:

 Spells                   Type           Power      Damage    Failure   Level


Dungeon Overview and Level Annotations

Branches:
Dungeon (1/15)

Altars:


Innate Abilities, Weirdness & Mutations

You are immune to sickness and miasma.
You are immune to poison.
Your flesh is very heat resistant. (rF++)
You are vulnerable to cold. (rC-)
You float through the air rather than walking.
You learn spells naturally, not from books.
Your magical power is your life essence.
You have superior vitality. (+4 MHP)


Message History

Casting: Summon Small Mammal (safe; 9% risk of failure)
Confirm with . or Enter, or press ? or * to list all spells.
Nothing appears to happen.
The bat hits you.
Your bat hits the bat.
The bat dies!
The jackal bites your bat.
Your bat hits the hobgoblin but does no damage.
Your bat hits the jackal but does no damage.
Your bat closely misses the jackal.
The jackal closely misses your bat. The hobgoblin hits you.
* * * LOW HITPOINT WARNING * * *
Your bat hits the hobgoblin but does no damage.
The jackal bites your bat.
Unknown command.
You hit the hobgoblin.
The hobgoblin is moderately wounded.
Your bat hits the jackal but does no damage.
Your bat misses the jackal. The hobgoblin misses you.
The jackal bites your bat.
Your bat dies!
Your bat's corpse disappears in a puff of smoke!
Sorry, you're not good enough to have a special ability.
As you read the scroll labelled OZXORO POXTE, it crumbles to dust.
You assume a fearsome visage.
The jackal looks frightened! x2
The goblin looks frightened!
The hobgoblin looks frightened!
It was a scroll of fear.
Cornered, the jackal turns to fight!
Throw: dart (curare)
Press: ? - help, Q - select action, (/) - cycle Shift-Dir - straight line, f - jackal
Aim: a jackal (50% to hit)
You throw a curare-tipped dart.
The curare-tipped dart closely misses the jackal.
The jackal closely misses you.
The jackal bites you but does no damage.
The hobgoblin shouts, "No!
I'll never do that again!"
The jackal barely misses you. The jackal bites you.
* * * LOW HITPOINT WARNING * * *
The jackal barely misses you. The jackal bites you.
You die...

#.##.....######.....#
#....†..............#
#..#.....######†....#
##......#(..)..h.#
#..#####.######.....#
#.######## ....#
#.....######## #..#
###h..##.....# .#
#.@.##.....# #
#.≈.##.....#
#.≈..'.....#
#.≈.##.....#
#...##.....#
#...##..<..#
#.8.##.....#
#...######## #####


You could see a jackal.

Vanquished Creatures
  A hobgoblin (D:1)
  A jackal (D:1)
  A frilled lizard (D:1)
3 creatures vanquished.

Vanquished Creatures (collateral kills)
  A dart slug (D:1)
  A bat (D:1)
  A goblin (D:1)
  A frilled lizard (D:1)
4 creatures vanquished.

Grand Total: 7 creatures vanquished

Notes
Turn   | Place    | Note
-------+----------+-------------------------------------------
     0 | D:1      | enile the Djinni Wanderer began the quest for the Orb.
     0 | D:1      | Reached XP level 1. HP: 15/15 MP: 0/0
   170 | D:1      | Reached XP level 2. HP: 12/22 MP: 0/0
   213 | D:1      | Slain by a jackal

Illustrated notes

Levels and vault maps discovered:
D:1:      dpeg_arrival_rooms_c, layout_loops_ring, palyth_stone_intersect

Action                   || total
-------------------------++-------
Melee: Dagger            ||    18
Throw: Dart              ||     1
 Cast: Summon Small Mamm ||     7
  Use: Scroll            ||     1
Armor: Robe              ||     6
Dodge: Dodged            ||    18

Table legend: (Time is in decaauts)
 A = Elapsed time spent in this place.
 B = Non-inter-level travel time spent in this place.
 C = Inter-level travel time spent in this place.
 D = Time resting spent in this place.
 E = Time spent auto-exploring this place.
 F = Levels seen in this place.
 G = Mean time per level.
                   A        B        C        D        E       F      G
               +--------+--------+--------+--------+--------+-----+--------+
         Total |    212 |    212 |      0 |      0 |    138 |   1 |  212.0 |
       Dungeon |    212 |    212 |      0 |      0 |    138 |   1 |  212.0 |
               +--------+--------+--------+--------+--------+-----+--------+

Top non-repeatable levels by time:
     D:1: 212 daAuts
